 Dungeon Crawl Stone Soup version 0.24.0-10-g970556be89 (console) character file.

Game seed: 4797774280421235617, levelgen mode: deterministic

21 AlterAsc the Insei (level 2, 18/18 HPs)
             Began as a Vampire Transmuter on Nov 4, 2019.
             Quit the game on level 1 of the Dungeon.
             The game lasted 00:03:13 (744 turns).

AlterAsc the Insei (Vampire Transmuter)              Turns: 744, Time: 00:03:14

Health: 18/18      AC:  2    Str:  9    XL:     2   Next: 65%
Magic:  5/5        EV: 13    Int: 15    God:
Gold:   66         SH:  0    Dex: 14    Spells: 2/5 levels left

rFire    . . .     SeeInvis +     - Unarmed
rCold    . . .     Gourm    .   (no shield)
rNeg     . . .     Faith    .   b - +0 robe
rPois    .         Spirit   .   (no helmet)
rElec    .         Reflect  .   (no cloak)
rCorr    .         Harm     .   (no gloves)
MR       .....                  (no boots)
Stlth    +.........             (no amulet)
HPRegen  0.26/turn              (no ring)
MPRegen  0.09/turn              (no ring)

@: regenerating quickly
A: no food, fangs 3, see invisible, [frail 1], unbreathing
a: Exsanguinate


You were on level 1 of the Dungeon.
You were alive.

You visited 1 branch of the dungeon, and saw 1 of its levels.

You collected 66 gold pieces.

Inventory:

Missiles
 a - 12 arrows
Armour
 b - a +0 robe (worn)
Scrolls
 d - 2 scrolls of enchant weapon {unknown}
 e - 2 scrolls of identify {unknown}
 g - a scroll of enchant armour {unknown}
Potions
 c - a potion of curing {unknown}
 f - a potion of invisibility {unknown}


   Skills:
 + Level 1.3 Fighting
 + Level 2.5 Dodging
 + Level 3.5 Unarmed Combat
 + Level 2.2 Spellcasting
 + Level 2.5 Transmutations


You had 2 spell levels left.
You knew the following spells:

 Your Spells              Type           Power        Failure   Level  Hunger
a - Beastly Appendage     Tmut           #.....       8%          1    N/A
b - Sticks to Snakes      Tmut           #.......     12%         2    N/A

Your spell library contained the following spells:

 Spells                   Type           Power        Failure   Level  Hunger
 Spider Form              Tmut/Pois      #.........   36%         3    N/A
 Ice Form                 Ice/Tmut       #.......     78%         4    N/A
 Blade Hands              Tmut           #.........   91%         5    N/A

Dungeon Overview and Level Annotations

Branches:
Dungeon (1/15)

Altars:


Innate Abilities, Weirdness & Mutations

You do not eat.
Your natural rate of healing is unusually fast.
You have razor-sharp teeth.
You have supernaturally acute eyesight. (SInv)
You can survive without breathing.
[You are frail. (-10% HP)]


Message History

You now have 44 gold pieces (gained 11).
A kobold comes into view. It is wielding a +0 dagger.
Found 15 gold pieces.
Casting: Beastly Appendage (safe; 8% risk of failure)
Confirm with . or Enter, or press ? or * to list all spells.
You grow a pair of large bovine horns.
You hit the kobold.
You kill the kobold!
Things that are here:
a +0 dagger; a kobold corpse You now have 59 gold pieces (gained 15).
You open the door.
There is an open door here.
Unknown command.
Your transformation is almost over.
Your horns disappear.
There is an open door here.
You now have 66 gold pieces (gained 7).
Done exploring.
Are you sure you want to abandon this character and quit the game? (Confirm with "yes".)

### ### ####
#.#######.#####.#.
#.................
#.#####....####...
#@.........# #...
#######.#..# #...
#.#..####... #####
#........... #...#
#######.........
#...#
#.............#.
#...#
#.###...........
#...#
#.###.....#.....
#...#
#...#.##.######.


There were no monsters in sight!

Vanquished Creatures
  2 dart slugs (D:1)
  2 giant cockroaches (D:1)
  3 goblins (D:1)
  A bat (D:1)
  5 frilled lizards (D:1)
  4 kobolds (D:1)
  2 rats (D:1)
19 creatures vanquished.

Notes
Turn   | Place    | Note
-------+----------+-------------------------------------------
     0 | D:1      | AlterAsc the Vampire Transmuter began the quest for the
                  | Orb.
     0 | D:1      | Reached XP level 1. HP: 14/14 MP: 3/3
    92 | D:1      | Reached skill level 1 in Fighting
   162 | D:1      | Reached XP level 2. HP: 21/21 MP: 3/5
   224 | D:1      | Learned a level 2 spell: Sticks to Snakes
   744 | D:1      | Quit the game

Levels and vault maps discovered:
D:1:      giann_wishing_wells, layout_basic

Skill      XL: |  1 |
---------------+----+-----
Fighting       | 1 |  1.3
Dodging        | |  2.5
Unarmed Combat | |  3.5
Spellcasting   | |  2.2
Transmutations | |  2.5

Action                   || total
-------------------------++-------
Melee: Unarmed           ||    47
       Headbutt          ||     4
       Bite              ||     3
 Cast: Beastly Appendage ||     8
 Abil: Exsanguinate      ||     1
       Revivify          ||     1
 Stab: Sleeping          ||     1
Armor: Robe              ||     4
Dodge: Dodged            ||    20
